 Dungeon Crawl Stone Soup version 0.21-a0-584-g185da8e (webtiles) character file.

4028 sithsevirus the Poker (level 10, -1/79 HPs)
             Began as a Demonspawn Abyssal Knight on Dec 21, 2017.
             Was an Elder of Lugonu.
             Slain by a yak (11 damage)
             ... on level 9 of the Dungeon.
             The game lasted 00:35:54 (10560 turns).

sithsevirus the Poker (Demonspawn Abyssal Knight)  Turns: 10560, Time: 00:35:54

Health: -1/79      AC: 29    Str: 16    XL:     10   Next: 4%
Magic:  14/14      EV:  7    Int: 13    God:    Lugonu [****..]
Gold:   462        SH:  4    Dex: 13    Spells: 9/9 levels left

rFire    . . .     SeeInvis +   A - +1 trident (protect)
rCold    . . .     Gourm    .   (no shield)
rNeg     . . .     Faith    .   I - +0 plate armour
rPois    .         Spirit   .   o - +0 helmet
rElec    .         Reflect  +   a - +0 cloak
rCorr    .         Harm     .   (no gloves)
MR       .....                  w - +0 pair of boots
Stlth    ..........             u - +4 amulet of reflection
HPRegen  0.23/turn              p - ring of see invisible
MPRegen  0.14/turn              x - +6 ring of protection

@: protection aura
A: hooves 2
a: Depart the Abyss, Bend Space, Banish, Corrupt, Renounce Religion


You were on level 9 of the Dungeon.
You worshipped Lugonu.
Lugonu was greatly pleased with you.
You were hungry.

You visited 2 branches of the dungeon, and saw 10 of its levels.
You visited the Abyss 1 time.

You collected 462 gold pieces.

Inventory:

Hand Weapons
 v - a +0 blowgun
 A - a +1 trident of protection (weapon)
Missiles
 m - 274 stones (quivered)
 n - 12 poisoned needles
 J - 5 tomahawks
Armour
 a - a +0 cloak (worn)
 o - a +0 helmet (worn)
 w - a +0 pair of boots (worn)
 I - a +0 plate armour (worn)
Jewellery
 g - an uncursed ring of resist corrosion {unknown}
 p - a ring of see invisible (left hand)
 u - a +4 amulet of reflection (around neck)
 x - a +6 ring of protection (right hand)
 C - an uncursed ring of flight
 H - a +2 ring of protection
Wands
 l - a wand of flame (32)
 B - a wand of clouds (5)
 E - a wand of digging (13)
Scrolls
 b - a scroll of random uselessness {unknown}
 e - 8 scrolls of identify
 h - a scroll of magic mapping {unknown}
 i - 3 scrolls of enchant armour {unknown}
 j - 3 scrolls of noise {unknown}
 k - 6 scrolls of remove curse
 r - 3 scrolls of teleportation {unknown}
 s - a scroll of fear {unknown}
 y - a scroll of amnesia {unknown}
 D - a scroll of fog {unknown}
 F - a scroll of brand weapon {unknown}
 G - a scroll of enchant weapon {unknown}
Potions
 d - 3 potions of curing
 f - 4 potions of brilliance {unknown}
 q - a potion of haste
 z - 2 potions of degeneration {unknown}
 L - a potion of ambrosia {unknown}
Comestibles
 c - 9 rations


   Skills:
 + Level 7.4 Fighting
 * Level 7.7 Polearms
 + Level 6.1 Armour
 + Level 5.6 Dodging
 - Level 0.1 Stealth
 - Level 6.0 Invocations


You had 9 spell levels left.
You didn't know any spells.

Dungeon Overview and Level Annotations

Branches:
Dungeon (9/15)             Temple (1/1) D:5
   Lair: D:8-11         Orc: D:9-12

Altars:
Ashenzari
Cheibriados
Dithmenos
Elyvilon
Fedhas
Hepliaklqana
Kikubaaqudgha
Makhleb
Nemelex Xobeh
Okawaru
Qazlal
Ru
Sif Muna
Trog
Uskayaw
Vehumet
Wu Jian
Xom
Yredelemnul
Zin
The Shining One

Shops:
D:6 *

Annotations:
D:3 SpeedyPerson7's ghost, amateur MiBe


Innate Abilities, Weirdness & Mutations

You have hoof-like feet.


Message History

Lugonu accepts your kill.
You hit the yak.
The yak is lightly wounded.
Your plate armour prevents you from hitting the yak.
The yak is lightly wounded.
The yak gores you.
* * * LOW HITPOINT WARNING * * *
You puncture the yak!
The yak is lightly wounded.
The yak gores you but does no damage.
You hit the yak.
The yak is moderately wounded.
The yak gores you but does no damage.
You hit the yak but do no damage.
The yak is moderately wounded.
The yak gores you but does no damage.
You puncture the yak!
The yak is heavily wounded.
The yak gores you!
You die...

##......##Y# #
#.###.###.# # #.###.###Y#
####### #.......YY#
#...... #####Y##### #+#
#.##### #####.#### #.#
#.# #.. #......Y.#### #.#
#.# #.#
#.###Y##Y##Y###.##
#.###.# #.#
#.##.#.#@#...## #....^.
#<# #.##.Y###.....#
#####.# #.# #...Y##
##...## #.# #.#
####..###.#.###########.#
#.#
#.#.#................#
#.#
#.##.#################
#.. ..#### ###


You could see a yak.

Vanquished Creatures
  A hippogriff (D:8)
  4 yaks (D:9)
  Grum (D:8)
  3 orc warriors
  3 sky beasts
  A phantom (D:6)
  An ice beast (D:8)
  2 ogres
  3 wolves (D:8)
  2 centaurs
  A big kobold (D:7)
  4 bullfrogs (D:7)
  A gnoll sergeant (D:6)
  2 scorpions
  4 wights (D:6)
  6 killer bees (D:7)
  2 crimson imps
  A centaur zombie (D:7)
  A jelly (D:9)
  2 orc priests (D:7)
  A bullfrog skeleton (D:7)
  3 centaur skeletons
  A hound (D:5)
  An iguana (D:8)
  6 worker ants
  5 orc wizards
  A hound skeleton (D:6)
  7 adders
  10 gnolls
  2 oozes (D:3)
  3 adder skeletons
  3 worms
  A dart slug (D:1)
  5 leopard geckos
  14 orcs
  A ball python (D:3)
  3 giant cockroaches
  5 goblins
  7 hobgoblins
  4 jackals (D:3)
  14 kobolds
  5 quokkas
  7 bats
  2 frilled lizards
  A jackal skeleton (D:8)
  23 rats
180 creatures vanquished.

Vanquished Creatures (others)
  The ghost of dxctxrx the Digger, a novice GnEE of Sif Muna (D:5)
  An adder (D:5)
2 creatures vanquished.

Grand Total: 182 creatures vanquished

Notes
Turn   | Place    | Note
-------+----------+-------------------------------------------
     0 | Abyss:1  | sithsevirus the Demonspawn Abyssal Knight began the quest for the Orb.
     0 | Abyss:1  | Reached XP level 1. HP: 18/18 MP: 2/2
     0 | D:1      | Escaped the Abyss
   370 | D:1      | Reached * piety under Lugonu
   370 | D:1      | Gained mutation: You have large cloven feet. [demonic ancestry]
   370 | D:1      | Reached XP level 2. HP: 22/24 MP: 3/3
   814 | D:1      | Reached skill level 1 in Dodging
  1215 | D:1      | Reached XP level 3. HP: 28/29 MP: 4/4
  1474 | D:2      | Found a sacrificial altar of Ru.
  1476 | D:2      | Found a shimmering altar of Xom.
  1923 | D:2      | Reached ** piety under Lugonu
  1928 | D:2      | Reached XP level 4. HP: 37/37 MP: 5/5
  2382 | D:2      | Found a deep blue altar of Sif Muna.
  2440 | D:2      | Found a blossoming altar of Fedhas.
  2556 | D:3      | Found a hazy altar of Hepliaklqana.
  2967 | D:3      | Reached XP level 5. HP: 42/42 MP: 7/7
  3022 | D:3      | Noticed SpeedyPerson7's ghost (amateur MiBe)
  4139 | D:5      | Entered Level 5 of the Dungeon
  4182 | D:5      | Killed dxctxrx's ghost
  4430 | D:5      | Found a staircase to the Ecumenical Temple.
  4439 | Temple   | Entered the Ecumenical Temple
  4728 | D:5      | Noticed a sky beast
  4765 | D:5      | Killed a sky beast
  4765 | D:5      | Reached XP level 6. HP: 19/49 MP: 8/8
  6029 | D:6      | Reached skill level 5 in Fighting
  6029 | D:6      | Reached XP level 7. HP: 51/56 MP: 10/10
  6426 | D:6      | Found Emniklos's Assorted Antiques.
  6642 | D:6      | Reached *** piety under Lugonu
  6642 | D:6      | Reached skill level 5 in Invocations
  7051 | D:6      | Reached XP level 8. HP: 63/63 MP: 11/11
  7742 | D:7      | Found a bloodstained altar of Trog.
  7877 | D:7      | Reached skill level 5 in Polearms
  8243 | D:7      | Reached skill level 5 in Armour
  8243 | D:7      | Gained mutation: You have hoof-like feet. [demonic ancestry]
  8243 | D:7      | Reached XP level 9. HP: 51/69 MP: 13/13
  8561 | D:7      | Reached **** piety under Lugonu
  9705 | D:8      | Reached skill level 5 in Dodging
  9971 | D:8      | Noticed Grum
  9982 | D:8      | Killed Grum
 10538 | D:9      | Reached XP level 10. HP: 12/79 MP: 14/14
 10560 | D:9      | Slain by a yak

Vault maps used:
D:1:      dpeg_arrival_rooms_a, minmay_rat_gold_closets
D:2:      lemuel_blue_sif_altar, nicolae_overflow_hidden_temple
D:3:      old_standard_altar
D:4:      first_ration
D:5:      temple_hall, minmay_holes, lemuel_flame_loot_1
D:6:      serial_shops, shop, st_stairs_7
D:7:      basic_altar
D:8:      uniq_grum
D:9:      kennysheep_mini_moat, david_orc_1_choice, uniq_erolcha, uniq_maurice
Temple:   nicolae_temple_elliptical

Skill      XL: |  1  2  3  4  5  6  7  8  9 |
---------------+----------------------------+-----
Polearms       | 2 3 4 5 7 |  7.7
Dodging        | 1 2 3 4 5 |  5.6
Armour         | 2 3 4 5 6 |  6.1
Fighting       | 4 5 6 7 |  7.4
Invocations    | 3 4 5 6 |  6.0
Stealth        | |  0.1

Action                   |  1- 3 |  4- 6 |  7- 9 | 10-12 || total
-------------------------+-------+-------+-------+-------++-------
Melee: Spear             |   145 |    18 |       |       ||   163
       Kick              |    17 |    21 |       |       ||    38
       Halberd           |       |   259 |    83 |       ||   342
       Trident           |       |       |   614 |    21 ||   635
Throw: Stone             |       |    13 |     4 |       ||    17
Invok: Depart the Abyss  |     1 |       |       |       ||     1
       Bend Space        |       |     3 |       |       ||     3
  Use: Scroll            |       |     3 |       |       ||     3
       Potion            |       |     1 |     5 |     1 ||     7
 Stab: Sleeping          |     1 |       |       |       ||     1
  Eat: Chunk             |     3 |     7 |    15 |       ||    25
       Ration            |       |     2 |       |       ||     2
Armor: Leather armour    |    15 |       |       |       ||    15
       Chain mail        |    32 |   174 |    76 |       ||   282
       Skin              |       |     5 |    65 |       ||    70
       Plate armour      |       |       |   316 |    12 ||   328
Dodge: Dodged            |    44 |    82 |   173 |     1 ||   300
Block: Other             |       |    22 |   100 |     1 ||   123

Table legend:
 A = Spawn XP
 B = Non-spawn XP
 C = Spawn XP percentage of total XP
 D = Spawn monster count
 E = Non-spawn monster count
 F = Spawn count percentage of total count
 G = Total turns spent on level
                    A         B        C        D         E        F      G
               +---------+---------+-------+---------+---------+-------+---------
         Total |       0 |    5755 |   0.0 |       0 |     180 |   0.0 | 10560
               +---------+---------+-------+---------+---------+-------+---------
           D:1 |       0 |      44 |   0.0 |       0 |      32 |   0.0 |  1474
           D:2 |       0 |     104 |   0.0 |       0 |      21 |   0.0 |  1036
           D:3 |       0 |      52 |   0.0 |       0 |      19 |   0.0 |   541
           D:4 |       0 |      85 |   0.0 |       0 |       6 |   0.0 |  1088
           D:5 |       0 |     376 |   0.0 |       0 |       7 |   0.0 |  1660
           D:6 |       0 |     963 |   0.0 |       0 |      25 |   0.0 |  1396
           D:7 |       0 |    1858 |   0.0 |       0 |      46 |   0.0 |  1857
           D:8 |       0 |    1404 |   0.0 |       0 |      18 |   0.0 |  1190
           D:9 |       0 |     869 |   0.0 |       0 |       6 |   0.0 |   157
               +---------+---------+-------+---------+---------+-------+---------
